[Event "Titled Tuesday Blitz June 20 Late 2023"]
[White "Carlsen, Magnus"]
[Black "Dushyant Sharma"]
[WhiteFideId "1503014"]
[BlackFideId "25065130"]
[WhiteElo "2858"]
[BlackElo "2198"]
[Result "1-0"]
[Round "1"]
[TimeControl "180+2"]
[Date "2023.06.20"]
[WhiteClock "0:01:46"]
[BlackClock "0:00:00"]
[Board "1"]

1. g4 d5 2. h3 e5 3. Bg2 c6 4. d3 Bd6 5. c4 Be6 6. Nf3 h6 7. Nc3 Nd7 8. cxd5 cxd5 9. g5 h5 10. g6 f6 11. Nh4 Ne7 12. e4 d4 13. Nd5 Nxd5 14. exd5 Bxd5 15. O-O Bxg2 16. Kxg2 Qb6 17. Nf5 O-O-O 18. Qf3 Nf8 19. a4 Nxg6 20. Bd2 Kb8 21. Rfc1 Rc8 22. a5 Qa6 23. b4 Ne7 24. b5 Nxf5 25. Qxf5 Qxb5 26. Rab1 Qd5+ 27. Kg1 g6 28. Qxf6 Rhf8 29. Rxc8+ Kxc8 30. Qg7 Qf7 31. Qxf7 Rxf7 32. Kf1 Rc7 33. Ke2 Rc6 34. Rg1 Be7 35. Kf3 Rc2 36. Bh6 Bh4 37. Rxg6 Rxf2+ 38. Ke4 Re2+ 39. Kd5 b6 40. a6 Ra2 41. Rg8+ Kd7 42. Rg7+ Ke8 43. Rxa7 Ra5+ 44. Ke6 Kd8 45. Bf8 e4 46. Bd6 1-0


[Site "https://www.chess.com"]

[Event "Titled Tuesday Blitz June 20 Late 2023"]
[White "Badelka, Olga"]
[Black "Nakamura, Hikaru"]
[WhiteFideId "13509926"]
[BlackFideId "2016192"]
[WhiteElo "2375"]
[BlackElo "2874"]
[Result "0-1"]
[Round "1"]
[TimeControl "180+2"]
[Date "2023.06.20"]
[WhiteClock "0:00:00"]
[BlackClock "0:01:10"]
[Board "2"]

1. d4 g6 2. e4 Bg7 3. Nc3 a6 4. Be3 b5 5. a3 Bb7 6. Qd2 d6 7. f3 Nd7 8. h4 h5 9. Nh3 e6 10. Ng5 Nb6 11. O-O-O Nf6 12. Be2 Nfd7 13. g4 Qe7 14. gxh5 gxh5 15. d5 exd5 16. exd5 O-O-O 17. Bd4 Bxd4 18. Qxd4 Rdf8 19. a4 Nxa4 20. Nxa4 Qxe2 21. Nc3 Qe5 22. Qa7 Re8 23. Rhe1 Qf4+ 24. Kb1 Nb6 25. Nce4 Nxd5 26. Rxd5 Bxd5 27. Qxa6+ Bb7 28. Qxb5 Re5 29. Qb4 Kb8 30. Rc1 f5 0-1


[Site "https://www.chess.com"]

[Event "Titled Tuesday Blitz June 20 Late 2023"]
[White "Firouzja, Alireza"]
[Black "Richter, Paul"]
[WhiteFideId "12573981"]
[BlackFideId "2046350"]
[WhiteElo "2896"]
[BlackElo "2522"]
[Result "1/2-1/2"]
[Round "1"]
[TimeControl "180+2"]
[Date "2023.06.20"]
[WhiteClock "0:00:49"]
[BlackClock "0:00:07"]
[Board "3"]

1. e4 c5 2. Nf3 d6 3. d4 cxd4 4. Nxd4 Nf6 5. Nc3 g6 6. Be3 Bg7 7. f3 O-O 8. Qd2 Nc6 9. O-O-O d5 10. exd5 Nxd5 11. Nxc6 bxc6 12. Bd4 Bxd4 13. Qxd4 Qb6 14. Na4 Qa5 15. b3 Qc7 16. Kb2 Rb8 17. Bc4 Qa5 18. Nc3 Rd8 19. Rhe1 Be6 20. Qe5 Qb4 21. Rd4 Qxc3+ 22. Kb1 Qa5 23. Kb2 Qc3+ 24. Kb1 Qa5 25. Kb2 Qc3+ 1/2-1/2


[Site "https://www.chess.com"]

[Event "Titled Tuesday Blitz June 20 Late 2023"]
[White "Shapiro, Viktor"]
[Black "Kramnik, Vladimir"]
[WhiteFideId "4175700"]
[BlackFideId "4101588"]
[WhiteElo "2212"]
[BlackElo "2703"]
[Result "1-0"]
[Round "1"]
[TimeControl "180+2"]
[Date "2023.06.20"]
[WhiteClock "0:00:17"]
[BlackClock "0:00:00"]
[Board "4"]

1. c4 c5 2. Nc3 g6 3. g3 Bg7 4. Bg2 Nc6 5. Nf3 d6 6. O-O Nf6 7. d3 Bd7 8. a3 h5 9. Rb1 Qc8 10. h4 Bh3 11. b4 Bxg2 12. Kxg2 b6 13. e4 O-O 14. Bg5 e6 15. Re1 Ng4 16. Qc2 Qd7 17. Ne2 Rae8 18. d4 Nxd4 19. Nexd4 cxd4 20. Rbd1 e5 21. Rc1 f5 22. c5 bxc5 23. bxc5 dxc5 24. Qxc5 fxe4 25. Rxe4 Rc8 26. Qa5 Qf5 27. Qd5+ Kh8 28. Re2 Rxc1 29. Bxc1 d3 30. Re1 Rc8 31. Bd2 Re8 32. Qc6 Rf8 33. Bb4 Rc8 34. Qd5 e4 35. Qxe4 Qxe4 36. Rxe4 Bf6 37. Re6 Rc2 38. Be1 Kg7 39. Rd6 Ne3+ 40. Kg1 Nc4 41. Rxd3 Rc1 42. Kg2 Rc2 43. Bb4 a5 44. Bc5 Ne5 45. Nxe5 Bxe5 46. Be3 Rc7 47. Rd5 Bb2 48. Rxa5 Kf7 49. a4 Rc6 50. Rb5 Bc3 51. a5 1-0


[Site "https://www.chess.com"]

[Event "Titled Tuesday Blitz June 20 Late 2023"]
[White "Grischuk, Alexander"]
[Black "Nasir, Zehn"]
[WhiteFideId "4126025"]
[BlackFideId "2613239"]
[WhiteElo "2721"]
[BlackElo "1993"]
[Result "0-1"]
[Round "1"]
[TimeControl "180+2"]
[Date "2023.06.20"]
[WhiteClock "0:00:14"]
[BlackClock "0:00:15"]
[Board "5"]

1. Nf3 f5 2. d4 Nf6 3. Bf4 e6 4. e3 Be7 5. Be2 O-O 6. O-O d5 7. c4 c6 8. h3 Nbd7 9. Nc3 Ne4 10. Qc2 Ndf6 11. Ne5 Bd7 12. Rab1 a5 13. f3 Nxc3 14. bxc3 Bc8 15. c5 Nd7 16. c4 Nxe5 17. Bxe5 Bf6 18. Bd6 Be7 19. Bh2 Bf6 20. Rfd1 g6 21. a4 Qd7 22. Bd6 Be7 23. Bf4 Rf7 24. Qc3 Bd8 25. Rf1 Bf6 26. Bd6 Be7 27. Bh2 Bf6 28. Bd3 Bg7 29. Kh1 Bh6 30. e4 Bg7 31. cxd5 cxd5 32. exf5 gxf5 33. Bf4 Qe8 34. Rfe1 Rf6 35. Be5 Rg6 36. Bxg7 Rxg7 37. Bxf5 Qxa4 38. Bxe6+ Bxe6 39. Rxe6 Qa2 40. Qb2 Qc4 41. Re3 a4 42. Rc1 Qa6 43. Ra3 Qh6 44. Qf2 Qxc1+ 0-1


[Site "https://www.chess.com"]

[Event "Titled Tuesday Blitz June 20 Late 2023"]
[White "Ismagilov, Damir"]
[Black "Martinez Alcantara, Jose Eduardo"]
[WhiteFideId "34199982"]
[BlackFideId "3805662"]
[WhiteElo "2104"]
[BlackElo "2711"]
[Result "0-1"]
[Round "1"]
[TimeControl "180+2"]
[Date "2023.06.20"]
[WhiteClock "0:00:12"]
[BlackClock "0:00:52"]
[Board "6"]

1. e4 c5 2. Nf3 d6 3. d4 cxd4 4. Nxd4 a6 5. f3 e6 6. c4 h5 7. Nc3 Nf6 8. Be3 b6 9. Be2 Bb7 10. Qd2 Nbd7 11. O-O-O Rc8 12. Kb1 Be7 13. h3 h4 14. Bg5 Nxe4 15. Nxe4 Bxe4+ 16. fxe4 Bxg5 17. Qb4 Qc7 18. Qa4 O-O 19. Qxa6 Nc5 20. Qb5 Bf6 21. Bf3 g6 22. Rhg1 Kg7 23. g3 hxg3 24. Rxg3 Rh8 25. Ne2 Be5 26. Rg2 Rxh3 27. Bg4 Re3 28. Rdg1 Ra8 29. Bh5 Ra5 30. Qb4 Rxe2 31. Bxe2 Qc6 32. Bf3 Nd3 33. Qd2 Qxc4 34. a3 Rb5 35. Qg5 Nxb2 36. Be2 Nd3# 0-1


[Site "https://www.chess.com"]

[Event "Titled Tuesday Blitz June 20 Late 2023"]
[White "Paravyan, David"]
[Black "Srdanovic, Jovana"]
[WhiteFideId "4194985"]
[BlackFideId "954810"]
[WhiteElo "2563"]
[BlackElo "2155"]
[Result "1-0"]
[Round "1"]
[TimeControl "180+2"]
[Date "2023.06.20"]
[WhiteClock "0:02:03"]
[BlackClock "0:00:00"]
[Board "7"]

1. e4 c5 2. Nf3 Nc6 3. Bb5 g6 4. Bxc6 dxc6 5. O-O Bg7 6. d3 Nf6 7. Re1 O-O 8. h3 b6 9. Nc3 Re8 10. e5 Nd5 11. Bd2 h6 12. a4 a5 13. Qc1 Kh7 14. Ne4 Be6 15. b3 Ra7 16. c4 Nb4 17. Bxb4 axb4 18. a5 Qxd3 19. axb6 Rxa1 20. Qxa1 Qxb3 21. b7 Qa3 22. Nxc5 Rb8 23. Nd4 Bxc4 24. Nxc6 Qxa1 25. Rxa1 Rxb7 26. Nxb7 b3 27. Nba5 1-0


[Site "https://www.chess.com"]

[Event "Titled Tuesday Blitz June 20 Late 2023"]
[White "Liang, Awonder"]
[Black "whiteglovethief"]
[WhiteFideId "2056437"]
[WhiteElo "2508"]
[BlackElo "2516"]
[Result "1-0"]
[Round "1"]
[TimeControl "180+2"]
[Date "2023.06.20"]
[WhiteClock "0:01:59"]
[BlackClock "0:00:19"]
[Board "9"]

1. Nf3 Nf6 2. d4 g6 3. h4 d6 4. h5 Nxh5 5. e4 Bg7 6. Nc3 Bg4 7. Be3 Nc6 8. Qd2 e5 9. d5 Ne7 10. O-O-O Bxf3 11. gxf3 O-O 12. Be2 Nf4 13. Bxf4 exf4 14. Qxf4 b5 15. Qh2 h6 16. Qf4 g5 17. Qe3 b4 18. Nb5 Ng6 19. Kb1 f5 20. exf5 Re8 21. Qb3 Nf4 22. Bd3 a5 23. f6 Qxf6 24. Nxc7 a4 25. Nxe8 Rxe8 26. Qxb4 Ra8 27. a3 Qf8 28. Bb5 Rb8 29. c4 Ne2 30. Rhe1 Qxf3 31. Rd2 Nd4 32. Qxd6 Qf5+ 33. Ka2 Nf3 34. Qxb8+ 1-0


[Site "https://www.chess.com"]

[Event "Titled Tuesday Blitz June 20 Late 2023"]
[White "Hnydiuk, Aleksander"]
[Black "Kollars, Dmitrij"]
[WhiteFideId "1109057"]
[BlackFideId "12909572"]
[WhiteElo "2374"]
[BlackElo "2584"]
[Result "0-1"]
[Round "1"]
[TimeControl "180+2"]
[Date "2023.06.20"]
[WhiteClock "0:00:31"]
[BlackClock "0:01:17"]
[Board "10"]

1. e4 e5 2. Nf3 Nc6 3. Bb5 a6 4. Ba4 Nf6 5. d3 Bc5 6. O-O b5 7. Bb3 d6 8. c3 O-O 9. Nbd2 Bb6 10. h3 Ne7 11. Re1 Ng6 12. Nf1 Be6 13. d4 Bxb3 14. axb3 exd4 15. cxd4 d5 16. e5 Ne4 17. Ng3 Nxg3 18. fxg3 f6 19. exf6 Qxf6 20. Kh2 c6 21. Bg5 Qf5 22. Rc1 Rac8 23. Qc2 h6 24. Qxf5 Rxf5 25. Be7 Rf7 26. Bd6 Rf6 27. Be5 Re6 28. Bf4 Rxe1 29. Rxe1 Kf7 30. Re2 c5 31. dxc5 Bxc5 32. Rc2 Bg1+ 0-1


[Site "https://www.chess.com"]

[Event "Titled Tuesday Blitz June 20 Late 2023"]
[White "Bluebaum, Matthias"]
[Black "Berezin, Viktor"]
[WhiteFideId "24651516"]
[BlackFideId "14107872"]
[WhiteElo "2639"]
[BlackElo "2310"]
[Result "1-0"]
[Round "1"]
[TimeControl "180+2"]
[Date "2023.06.20"]
[WhiteClock "0:01:33"]
[BlackClock "0:00:16"]
[Board "11"]

1. d4 Nf6 2. c4 g6 3. Nc3 Bg7 4. e4 O-O 5. Nf3 d6 6. Be2 e5 7. Be3 Na6 8. O-O Qe8 9. dxe5 dxe5 10. h3 c6 11. a3 Nh5 12. b4 Qe7 13. c5 Nc7 14. Qd6 Qxd6 15. cxd6 Ne6 16. Rfd1 Bd7 17. Bc4 Nhf4 18. Kh2 Rfd8 19. g3 Nh5 20. Rac1 Kf8 21. Na4 b6 22. Ba6 Rab8 23. Ng5 h6 24. Nxe6+ fxe6 25. Nb2 Nf6 26. f3 Kf7 27. Nc4 Ne8 28. f4 exf4 29. gxf4 g5 30. Ne5+ Bxe5 31. fxe5 Ng7 32. Rf1+ Kg8 33. Rf6 Kh7 34. Rf7 Kg6 35. Rcf1 Nh5 36. Be2 Be8 37. Re7 c5 38. Rxe6+ Kg7 39. Re7+ Kg6 40. Rf8 cxb4 41. Rg8+ Ng7 42. Rgxg7# 1-0


[Site "https://www.chess.com"]

[Event "Titled Tuesday Blitz June 20 Late 2023"]
[White "MaryanKyrychenko"]
[Black "Sadhwani, Raunak"]
[BlackFideId "35093487"]
[WhiteElo "2512"]
[BlackElo "2631"]
[Result "1-0"]
[Round "1"]
[TimeControl "180+2"]
[Date "2023.06.20"]
[WhiteClock "0:00:28"]
[BlackClock "0:00:59"]
[Board "12"]

1. e4 d6 2. d4 g6 3. Nc3 Bg7 4. Bg5 a6 5. f4 b5 6. a3 Bb7 7. Nf3 Nd7 8. Qe2 c5 9. dxc5 Nxc5 10. e5 dxe5 11. fxe5 Nh6 12. Qe3 Rc8 13. Bxh6 Bxh6 14. Qxh6 Ne4 15. Nxe4 Bxe4 16. Bd3 Bxd3 17. cxd3 Qxd3 18. Qd2 Qe4+ 19. Qe2 Qxe2+ 20. Kxe2 Rc2+ 21. Nd2 Rxb2 22. Rhb1 Rxb1 23. Rxb1 Kd7 24. Rc1 Rb8 25. Ne4 Ke6 26. Nc5+ Kd5 27. Nxa6 Rb6 28. Nb4+ Kxe5 29. Rc7 Kd6 30. Ra7 Ke6 31. Rxe7+ Kxe7 32. Nd5+ Kd6 33. Nxb6 Kc6 34. Nc8 Kc7 35. Ne7 Kd6 36. Nc8+ Kc7 37. Ne7 Kd6 38. Ng8 Ke6 39. Kd3 f5 40. Kd4 g5 41. Nh6 f4 42. Ke4 Kd6 43. Kf5 Kc5 44. Kxg5 Kc4 45. Kxf4 Kb3 46. Nf5 Kxa3 47. Nd4 Kb4 48. Kg5 Kc4 49. Nxb5 Kxb5 50. Kh6 1-0


[Site "https://www.chess.com"]

[Event "Titled Tuesday Blitz June 20 Late 2023"]
[White "Yoo, Christopher Woojin"]
[Black "Karamsetty, Jeevan"]
[WhiteFideId "30909694"]
[BlackFideId "2025337"]
[WhiteElo "2528"]
[BlackElo "2131"]
[Result "1-0"]
[Round "1"]
[TimeControl "180+2"]
[Date "2023.06.20"]
[WhiteClock "0:00:05"]
[BlackClock "0:00:00"]
[Board "13"]

1. d4 d6 2. Nf3 g6 3. e4 Bg7 4. Bc4 Nf6 5. Qe2 O-O 6. O-O d5 7. exd5 Nxd5 8. Bxd5 Qxd5 9. Nc3 Qd8 10. Bg5 Re8 11. Rfe1 f6 12. Bf4 e6 13. Qc4 c6 14. Ne4 Bf8 15. Rad1 Nd7 16. Qb3 Nb6 17. c4 Bd7 18. Bg3 Be7 19. a4 Bc8 20. a5 Nd7 21. Qa4 Nf8 22. Rd2 Bd7 23. Qa2 Bb4 24. Rde2 Bxe1 25. Rxe1 b6 26. a6 Bc8 27. Qa3 Qe7 28. Bd6 Qf7 29. Bb4 Rd8 30. Bc3 Nd7 31. Nd6 Qf8 32. c5 bxc5 33. dxc5 Nxc5 34. Nxc8 Raxc8 35. Bb4 Rd5 36. h3 Rcd8 37. g3 Qe8 38. Bxc5 Rd3 39. Qa4 Rxf3 40. Bxa7 Rfd3 41. Bb6 Ra8 42. a7 c5 43. Qxe8+ Rxe8 44. Rxe6 Ra8 45. Bxc5 Rd7 46. Rxf6 Rb7 47. b4 Kg7 48. Rc6 Kh6 49. h4 Kh5 50. Kg2 g5 51. Kh3 g4+ 52. Kg2 Rf7 53. Re6 Raf8 54. b5 Rb7 55. b6 Ra8 56. Be3 Rxb6 57. Rxb6 1-0


[Site "https://www.chess.com"]

[Event "Titled Tuesday Blitz June 20 Late 2023"]
[White "Siniauski, Artsiom"]
[Black "Andreikin, Dmitry"]
[WhiteFideId "13512269"]
[BlackFideId "4158814"]
[WhiteElo "2065"]
[BlackElo "2736"]
[Result "0-1"]
[Round "1"]
[TimeControl "180+2"]
[Date "2023.06.20"]
[WhiteClock "0:00:16"]
[BlackClock "0:01:22"]
[Board "14"]

1. e4 c5 2. Nf3 g6 3. d4 cxd4 4. Qxd4 Nf6 5. Nc3 Nc6 6. Qa4 d6 7. e5 dxe5 8. Nxe5 Bd7 9. Nxd7 Qxd7 10. Bd3 Bg7 11. O-O O-O 12. Bf4 Rfd8 13. Rad1 Qg4 14. h3 Qh4 15. Bb5 Nh5 16. Bc7 Rd4 17. Rxd4 Nxd4 18. Rd1 Rc8 19. g3 Nf3+ 20. Kg2 Qxa4 21. Nxa4 Nd4 22. Bf1 Rxc7 0-1


[Site "https://www.chess.com"]

[Event "Titled Tuesday Blitz June 20 Late 2023"]
[White "Van Foreest, Jorden"]
[Black "Uzcategui Rodriguez, Alejandro"]
[WhiteFideId "1039784"]
[BlackFideId "3903400"]
[WhiteElo "2633"]
[BlackElo "2252"]
[Result "1-0"]
[Round "1"]
[TimeControl "180+2"]
[Date "2023.06.20"]
[WhiteClock "0:01:07"]
[BlackClock "0:00:02"]
[Board "15"]

1. e4 e6 2. d4 d5 3. Nc3 Nf6 4. Qd3 dxe4 5. Nxe4 Be7 6. Nf3 b6 7. Nxf6+ Bxf6 8. Qe4 Qd5 9. Qxd5 exd5 10. Bf4 c6 11. O-O-O O-O 12. Ne5 Bxe5 13. Bxe5 Bf5 14. f3 f6 15. Bd6 Rd8 16. Bc7 Re8 17. g4 Bc8 18. Bd3 Bb7 19. Rde1 Na6 20. Bd6 Rad8 21. Rxe8+ Rxe8 22. Kd2 Rd8 23. Bg3 Nb4 24. Be2 c5 25. c3 Nc6 26. Bf2 cxd4 27. cxd4 Kf7 28. Bd3 g6 29. h4 Nb4 30. Bb1 Re8 31. h5 Ba6 32. Be3 Kg7 33. hxg6 hxg6 34. Rh6 g5 35. Rh7+ Kg8 36. Rxa7 Bb5 37. b3 Bc6 38. a3 1-0


[Site "https://www.chess.com"]

[Event "Titled Tuesday Blitz June 20 Late 2023"]
[White "Petukhov, Dmitry"]
[Black "Le, Tuan Minh"]
[WhiteFideId "4142748"]
[BlackFideId "12401153"]
[WhiteElo "2311"]
[BlackElo "2566"]
[Result "0-1"]
[Round "1"]
[TimeControl "180+2"]
[Date "2023.06.20"]
[WhiteClock "0:00:10"]
[BlackClock "0:00:12"]
[Board "16"]

1. e4 c5 2. c3 Nf6 3. e5 Nd5 4. d4 cxd4 5. Nf3 Nc6 6. Bc4 Nb6 7. Bb3 d5 8. exd6 Qxd6 9. O-O Be6 10. Bxe6 Qxe6 11. Nxd4 Qd7 12. Nxc6 Qxc6 13. Nd2 e6 14. Qg4 h5 15. Qg5 h4 16. h3 Rh6 17. Nf3 Rg6 18. Qh5 O-O-O 19. Nxh4 Rf6 20. Bg5 Rd5 21. Qg4 Be7 22. Rad1 Rxg5 23. Qxg5 Nd5 24. Qxg7 Nf4 25. f3 Kc7 26. Rd4 Ne2+ 27. Kh1 Nxd4 28. cxd4 Qc4 29. Rd1 Qc2 30. Re1 Rf4 31. Ng6 Qxg6 32. Qe5+ Bd6 33. Rc1+ Kd7 34. Qb5+ Ke7 35. Qxb7+ Kf6 36. Qd7 Rxd4 37. Qd8+ Kg7 0-1


[Site "https://www.chess.com"]

[Event "Titled Tuesday Blitz June 20 Late 2023"]
[White "Sviridov, Valery"]
[Black "Muradov, Soltan"]
[WhiteFideId "4120680"]
[BlackFideId "14002108"]
[WhiteElo "2457"]
[BlackElo "2163"]
[Result "1-0"]
[Round "1"]
[TimeControl "180+2"]
[Date "2023.06.20"]
[WhiteClock "0:01:46"]
[BlackClock "0:00:20"]
[Board "17"]

1. d4 Nf6 2. Nf3 g6 3. c4 Bg7 4. g3 O-O 5. Bg2 d6 6. O-O Nc6 7. Nc3 e5 8. dxe5 dxe5 9. Bg5 Be6 10. Qa4 h6 11. Rfd1 Qe7 12. Bxf6 Bxf6 13. Nd2 Nd4 14. e3 Nc6 15. Nd5 Bxd5 16. cxd5 Nd8 17. Rac1 c6 18. dxc6 Nxc6 19. Bxc6 bxc6 20. Qxc6 Rab8 21. b3 Bg7 22. Qc7 Qa3 23. Qc2 h5 24. Nc4 Qa6 25. Rd6 Qb7 26. h4 Rbc8 27. Rcd1 Qf3 28. R1d2 Rfe8 29. Qd1 Qf5 30. Kg2 e4 31. R2d5 Be5 32. Rd7 Qf6 33. Rxa7 Rcd8 34. Nxe5 Rxd5 35. Qxd5 Rxe5 36. Rxf7 Qxf2+ 37. Rxf2+ Rxd5 38. Rb2 Kf7 39. b4 Rd3 40. Kf2 Ke6 41. b5 Kd7 42. a4 Ra3 43. Rb4 Ra2+ 44. Kg1 Ra1+ 45. Kg2 Ra2+ 46. Kh3 1-0


[Site "https://www.chess.com"]

[Event "Titled Tuesday Blitz June 20 Late 2023"]
[White "The_Sherman_Variation"]
[Black "Terry, Renato"]
[BlackFideId "3803457"]
[WhiteElo "2507"]
[BlackElo "2575"]
[Result "0-1"]
[Round "1"]
[TimeControl "180+2"]
[Date "2023.06.20"]
[WhiteClock "0:00:19"]
[BlackClock "0:01:33"]
[Board "18"]

1. Nf3 d5 2. g3 Nf6 3. Bg2 c6 4. O-O Bg4 5. d4 e6 6. c4 Nbd7 7. Bf4 Qb6 8. Qb3 dxc4 9. Qc2 Bf5 10. Qc1 c5 11. Nbd2 Rc8 12. Nxc4 Qa6 13. b3 b5 14. Nce5 cxd4 15. Qb2 Ba3 16. Qxd4 Bc5 17. Qb2 O-O 18. Rad1 Nb6 19. b4 Na4 20. Qa3 Be7 21. Nd4 Be4 22. Nec6 Bxc6 23. Nxc6 Rxc6 24. Bxc6 Qxc6 25. Rc1 Qe4 26. Rc7 Bxb4 27. Qb3 Nd5 28. Rxa7 Nxf4 29. gxf4 Qxf4 30. Rb1 Bc5 31. Rxa4 Bxf2+ 32. Kg2 bxa4 0-1


[Site "https://www.chess.com"]

[Event "Titled Tuesday Blitz June 20 Late 2023"]
[White "Hakobyan, Aram"]
[Black "Liu, Casper"]
[WhiteFideId "13306677"]
[BlackFideId "1454153"]
[WhiteElo "2584"]
[BlackElo "2221"]
[Result "1-0"]
[Round "1"]
[TimeControl "180+2"]
[Date "2023.06.20"]
[WhiteClock "0:02:01"]
[BlackClock "0:00:53"]
[Board "19"]

1. d4 Nf6 2. c4 a6 3. Nc3 b5 4. cxb5 axb5 5. Nxb5 e5 6. dxe5 Ne4 7. Nf3 Bb4+ 8. Bd2 Nxd2 9. Nxd2 Nc6 10. a3 Ba5 11. b4 Bb6 12. Nc4 O-O 13. Nxb6 cxb6 14. e3 Nxe5 15. Be2 Bb7 16. O-O Qg5 17. g3 Qh6 18. Nd6 Bc6 19. b5 Nf3+ 20. Bxf3 Bxf3 21. Qxf3 Qxd6 22. Rfd1 Qc5 23. a4 d6 24. Rd4 Ra7 25. Rad1 Rd8 26. Qc6 Qh5 27. Qxb6 1-0


[Site "https://www.chess.com"]

[Event "Titled Tuesday Blitz June 20 Late 2023"]
[White "Ortega Amarelle, Mariano"]
[Black "Makhnev, Denis"]
[WhiteFideId "3504301"]
[BlackFideId "13707647"]
[WhiteElo "2392"]
[BlackElo "2515"]
[Result "1-0"]
[Round "1"]
[TimeControl "180+2"]
[Date "2023.06.20"]
[WhiteClock "0:00:09"]
[BlackClock "0:00:00"]
[Board "20"]

1. Nf3 d5 2. g3 Nd7 3. d4 Nb6 4. Bg2 Nf6 5. O-O Bf5 6. b3 e6 7. Bb2 Be7 8. Nbd2 O-O 9. c4 c6 10. e3 h6 11. Qe2 Ne4 12. Rfd1 a5 13. a3 Bg4 14. c5 Nd7 15. h3 Bh5 16. b4 f5 17. Qd3 Nxd2 18. Rxd2 axb4 19. axb4 Rxa1+ 20. Bxa1 Qa8 21. Qb1 Bf6 22. Ra2 Qb8 23. b5 Qc7 24. b6 Qb8 25. Ra7 g5 26. Nd2 Kg7 27. f4 Kh8 28. Kf2 gxf4 29. exf4 Re8 30. Nf3 Rg8 31. Qe1 Bf7 32. Qe3 Kh7 33. Ne5 Nxe5 34. dxe5 Be7 35. Bd4 Qc8 36. Bf1 Qd7 37. Bd3 Rb8 38. g4 Bg6 39. gxf5 Bh4+ 40. Kf1 exf5 41. e6 Qe7 42. Qe5 Re8 43. Bxf5 Rf8 44. Bxg6+ Kxg6 45. Qd6 Re8 46. Qe5 Rf8 47. Kg2 Kh7 48. f5 Rg8+ 49. Kh1 h5 50. f6 Bxf6 51. Qxf6 Qe8 52. Qf7+ 1-0


[Site "https://www.chess.com"]

[Event "Titled Tuesday Blitz June 20 Late 2023"]
[White "Bortnyk, Mykola"]
[Black "Sztokbant, Bernardo Vainzoff"]
[WhiteFideId "14120836"]
[BlackFideId "2115956"]
[WhiteElo "2592"]
[BlackElo "2222"]
[Result "1-0"]
[Round "1"]
[TimeControl "180+2"]
[Date "2023.06.20"]
[WhiteClock "0:01:06"]
[BlackClock "0:00:00"]
[Board "21"]

1. d4 d5 2. e3 Nc6 3. Bd3 Nf6 4. f4 g6 5. Nf3 Bg7 6. O-O O-O 7. c3 Bg4 8. a4 e6 9. Qe1 Bxf3 10. gxf3 Ne7 11. b3 Nd7 12. Kh1 c5 13. Ba3 Rc8 14. Nd2 Re8 15. Rg1 Nf5 16. e4 cxd4 17. exf5 exf5 18. Qg3 dxc3 19. Nf1 Nf6 20. Bxf5 Nh5 21. Qg4 Rc7 22. Bd3 d4 23. f5 Qd5 24. fxg6 hxg6 25. Bc4 Rxc4 26. bxc4 Qxc4 27. Bc1 Qd5 28. Rb1 d3 29. Rb5 Qc6 30. Rxh5 d2 31. Nxd2 cxd2 32. Bxd2 Re2 33. Bf4 Qc2 34. Rd5 Bf8 35. Rd8 Rg2 36. Qxg2 1-0


[Site "https://www.chess.com"]

[Event "Titled Tuesday Blitz June 20 Late 2023"]
[White "Zaitsev, Alexander"]
[Black "Svane, Rasmus"]
[WhiteFideId "4164490"]
[BlackFideId "4657101"]
[WhiteElo "2373"]
[BlackElo "2601"]
[Result "1/2-1/2"]
[Round "1"]
[TimeControl "180+2"]
[Date "2023.06.20"]
[WhiteClock "0:00:17"]
[BlackClock "0:00:10"]
[Board "22"]

1. e4 c6 2. d4 d5 3. Nc3 dxe4 4. Nxe4 Nf6 5. Nxf6+ exf6 6. Be3 Na6 7. a3 Bd6 8. Bd3 O-O 9. Ne2 Nc7 10. c4 b5 11. b3 Re8 12. O-O Bd7 13. Ng3 g6 14. Ne4 Be7 15. Re1 f5 16. Nc5 bxc4 17. bxc4 Ne6 18. Nxe6 Bxe6 19. Qa4 Bf6 20. Rad1 Qd6 21. g3 g5 22. c5 Qc7 23. Bf1 f4 24. Bc1 fxg3 25. hxg3 Bg4 26. Bg2 Bxd1 27. Rxd1 Rac8 28. Qc2 Rcd8 29. Be3 h6 30. Qf5 Kg7 31. Qf3 Re6 32. Bh3 Ree8 33. Bg2 Rc8 34. Bh3 Rb8 35. Bg2 Rec8 36. Bh3 Rd8 37. Bg2 Rd5 38. Qg4 Rdd8 39. Bf4 Qc8 40. Qxc8 Rbxc8 41. Bd6 g4 42. Be4 h5 43. Bf5 Ra8 44. Be4 Rxd6 45. cxd6 Rd8 46. Bxc6 Rxd6 47. d5 Bd8 48. Rb1 Bb6 49. Rb2 Kg6 50. a4 Kg5 51. Kg2 h4 52. gxh4+ Kxh4 53. Rb4 Kg5 54. Rb5 Rf6 55. Rb2 Rf4 56. Rd2 Rc4 57. Bb5 Rc8 58. d6 Rd8 59. d7 f5 60. Rd5 Kf6 61. Bd3 Ke6 62. Bc4 Rxd7 63. Rxd7+ Kxd7 64. f3 Bc7 65. fxg4 fxg4 66. Be2 g3 67. Bb5+ Ke6 68. Bc6 Ke7 69. Bb5 Ke6 70. Bc6 Kd6 71. Bb5 Kc5 72. Bd7 Kb4 73. Be8 Ka5 74. Bd7 a6 75. Be8 Kb6 76. Bd7 Bd6 77. Be8 Ka5 78. Bd7 Kb6 79. Be8 Kc7 80. Kf3 Be5 81. Kg2 Kd6 82. Kf3 Kc5 83. Kg2 Kd4 84. Bd7 Bc7 85. Be8 Kd5 86. Bd7 Ke5 87. Bc8 Kd6 88. Bxa6 Kc6 89. Bb5+ Kb6 90. Be8 1/2-1/2


[Site "https://www.chess.com"]

[Event "Titled Tuesday Blitz June 20 Late 2023"]
[White "Michalik, Peter"]
[Black "Novikov, Evgenij"]
[WhiteFideId "14907526"]
[BlackFideId "4125380"]
[WhiteElo "2585"]
[BlackElo "2242"]
[Result "1/2-1/2"]
[Round "1"]
[TimeControl "180+2"]
[Date "2023.06.20"]
[WhiteClock "0:00:05"]
[BlackClock "0:00:03"]
[Board "23"]

1. d4 d5 2. c4 e6 3. Nf3 Nf6 4. Nc3 Nbd7 5. cxd5 exd5 6. Bf4 c6 7. e3 g6 8. h3 Bg7 9. Be2 O-O 10. O-O Re8 11. b4 a6 12. a4 Nf8 13. b5 axb5 14. axb5 Rxa1 15. Qxa1 Ne6 16. Be5 Bd7 17. bxc6 bxc6 18. Qa7 Qa8 19. Ra1 Qxa7 20. Rxa7 Rd8 21. Na4 Be8 22. Nb6 Nd7 23. Nxd7 Rxd7 24. Ra8 Rd8 25. Ra7 Rd7 26. Ra5 Rd8 27. Bg3 Bf8 28. Ne5 f6 29. Nd3 Bd6 30. Bg4 f5 31. Bxd6 fxg4 32. Bg3 gxh3 33. gxh3 Ng5 34. Kg2 Ne4 35. Ra7 Rd7 36. Ra8 Re7 37. Be5 Kf7 38. f3 Nf6 39. Kf2 Nd7 40. h4 Nxe5 41. Nxe5+ Kf6 42. Rc8 Re6 43. Rc7 Re7 44. Rc8 Re6 45. Kg3 h6 46. Ng4+ Kg7 47. Rc7+ Bf7 48. Ne5 Rf6 49. Nxc6 Kg8 50. Ne5 Be6 51. Rc6 Kg7 52. Rb6 Bf5 53. Rb7+ Kg8 54. Rb8+ Rf8 55. Rb5 Rd8 56. Rb6 Kg7 57. Kf4 Bc2 58. Rb7+ Kf6 59. Rf7+ Ke6 60. Rh7 g5+ 61. hxg5 hxg5+ 62. Kxg5 Bxh7 63. Ng4 Rf8 64. Ne5 Bf5 65. Kf4 Be4+ 66. Kg3 Bc2 67. Ng4 Rg8 68. Kf4 Rf8+ 69. Kg3 Bd1 70. Ne5 Rg8+ 71. Kf4 Kf6 72. Nd7+ Ke7 73. Ne5 Rf8+ 74. Kg3 Ke6 75. Kf2 Bb3 76. Nd3 Bc4 77. Ne5 Kf5 78. Nd7 Ra8 79. Ne5 Ra2+ 80. Kg3 Be2 81. Nc6 Bd1 82. Ne7+ Ke6 83. Ng6 Rd2 84. Nf4+ Kd6 85. Ng6 Rd3 86. Kf4 Ra3 87. Ne5 Bc2 88. Nf7+ Ke6 89. Ne5 Ra1 90. Kg3 Rg1+ 91. Kf2 Rg7 92. Nc6 Kf5 93. Nb4 Bb1 94. Nxd5 Rd7 95. Nc3 Bd3 96. Ke1 Kg5 97. Kd2 Bf5 98. Ke2 Bg6 99. Kf2 Kh4 100. Ne2 Rf7 101. Nc3 Bh5 102. f4 Rg7 103. Ne4 Kh3 104. Ng5+ Kg4 105. Ne6 Rb7 106. Ke2 Rb3 107. Nc5 Kf5+ 108. Kd2 Rb2+ 109. Kd3 Re2 110. Nb7 Rf2 111. Nd6+ Ke6 112. Ne4 Rf1 113. Ng3 Rd1+ 114. Ke4 Bg4 115. f5+ Kf6 116. Kf4 Bh3 117. Ne4+ Ke7 118. Ke5 Rf1 119. f6+ Kf8 120. Ng5 Bg4 121. e4 Re1 122. d5 Rf1 123. Nh7+ Kf7 124. Ng5+ Kg6 125. Ne6 Rxf6 126. Nd4 Rf1 127. Kd6 Re1 128. e5 Bf5 129. Nc6 Bg4 130. Ne7+ Kf7 131. Nc6 Bh3 132. Nd4 Kg6 133. Nf3 Re3 134. Nd4 Kg5 135. Nc6 Kf4 136. e6 Bxe6 137. dxe6 Rxe6+ 138. Kxe6 1/2-1/2


[Site "https://www.chess.com"]